 Dungeon Crawl Stone Soup version 0.20-a0-909-g1a4ba80 (webtiles) character file.

148 jerryfan the Firebug (level 5, -14/40 HPs)
             Began as a Draconian Fire Elementalist on Dec 9, 2016.
             Demolished by an orc warrior
             ... wielding a +0 scimitar
              (23 damage)
             ... on level 3 of the Dungeon on Mar 22, 2017.
             The game lasted 00:12:46 (2672 turns).

jerryfan the Firebug (Draconian Fire Elementalist)  Turns: 2672, Time: 00:12:47

Health: -14/40     AC:  5    Str: 10    XL:     5   Next: 8%
Magic:  1/9        EV: 12    Int: 16    God:
Gold:   78         SH:  0    Dex: 12    Spells: 3/9 levels left

rFire    . . .     SeeInvis .   j - +0 whip (venom)
rCold    . . .     Gourm    .   (armour unavailable)
rNeg     . . .     Faith    .   (no shield)
rPois    .         Spirit   .   (helmet restricted)
rElec    .         Reflect  .   (no cloak)
rCorr    .         Harm     .   (no gloves)
MR       .....                  (no boots)
Stlth    +++.......             (no amulet)
Regen    0.2/turn               (no ring)
MPRegen  0.2/turn               c - ring of stealth

@: no status effects
A: unfitting armour, cold-blooded, AC +5
a: no special abilities


You were on level 3 of the Dungeon.
You were hungry.

You visited 1 branch of the dungeon, and saw 3 of its levels.

You collected 78 gold pieces.

Inventory:

Hand Weapons
 e - a +0 dagger
 j - a +0 whip of venom (weapon)
Missiles
 k - 16 bolts
 p - 23 stones (quivered)
Armour
 n - a +0 buckler
Jewellery
 c - a ring of stealth (left hand)
 r - an uncursed ring of ice
Scrolls
 d - a scroll of amnesia
 f - 3 scrolls of identify
Potions
 g - a potion of berserk rage {unknown}
Books
 a - a book of Flames

   Spells                             Type                      Level
   a - Flame Tongue                   Conjuration/Fire             1
   b - Throw Flame                    Conjuration/Fire             2
   c - Conjure Flame                  Conjuration/Fire             3
   d - Inner Flame                    Hexes/Fire                   3
   e - Sticky Flame                   Conjuration/Fire             4
   f - Fireball                       Conjuration/Fire             5
Comestibles
 b - 2 bread rations
 h - 2 chunks of flesh
 q - a royal jelly


   Skills:
 + Level 1.0 Fighting
 + Level 0.6 Short Blades
 + Level 0.6 Maces & Flails
 + Level 2.1 Dodging
 + Level 2.7 Stealth
 + Level 2.7 Spellcasting
 + Level 1.6 Conjurations
 + Level 3.9 Fire Magic


You had 3 spell levels left.
You knew the following spells:

 Your Spells              Type           Power        Failure   Level  Hunger
a - Flame Tongue          Conj/Fire      ##...        10%         1    #......
b - Throw Flame           Conj/Fire      ##....       12%         2    ##.....
c - Inner Flame           Hex/Fire       #.......     28%         3    ###....


Dungeon Overview and Level Annotations

Branches:
Dungeon (3/15)

Altars:
Makhleb
Xom


Innate Abilities, Weirdness & Mutations

Your plain brown scales are hard. (AC +5)
You cannot fit into any form of body armour.
You are cold-blooded and may be slowed by cold attacks.


Message History

You miss the orc wizard.
The orc shouts!
Your tail-slap misses the orc wizard.
The orc wizard is almost dead.
The orc wizard hits you but does no damage.
You hit the orc wizard.
You kill the orc wizard!
Your Fighting skill increases to level 1!
You have reached level 5!
The orc warrior barely misses you.
The orc warrior hits you with a scimitar!!
Things that are here:
a dagger; a robe You barely miss the orc.
The orc misses you.
The orc warrior hits you with a scimitar.
* * * LOW HITPOINT WARNING * * *
You barely miss the orc. The orc barely misses you.
The orc warrior hits you with a scimitar!!
Ouch! That really hurt!
You die...

##..######...........#
#..# .....##...#####
#..# #######...# #).#
#...# #..# #...#####
#..# #.......# #..#
#######.# #..#######
#.## #....o@o.# #..#
#.######.# ######..###
#.o...##.# #...#...#..
#####.##.# #.#...#...#
#.##.# #...#...#..
#.##.#####.###.###.
#o##.#....[.#...#..
#.##^#.##.#...#...#
#.##.#.#....#...#..


You could see an orc warrior and an orc.

Vanquished Creatures
  An orc wizard (D:3)
  Jessica (D:2)
  Robin (D:2)
  2 adders (D:2)
  An ooze (D:1)
  A dart slug (D:1)
  3 leopard geckos (D:2)
  An orc (D:3)
  4 bats
  6 giant cockroaches
  13 hobgoblins
  2 kobolds
  A quokka (D:2)
  4 frilled lizards (D:1)
  7 goblins
  5 rats
53 creatures vanquished.

Notes
Turn   | Place    | Note
-------+----------+-------------------------------------------
     0 | D:1      | jerryfan the Draconian Fire Elementalist began the quest for the Orb.
     0 | D:1      | Reached XP level 1. HP: 14/14 MP: 3/3
   351 | D:1      | Reached XP level 2. HP: 17/20 MP: 1/5
   754 | D:1      | Reached XP level 3. HP: 25/26 MP: 6/6
   856 | D:1      | Upgraded the game from 0.20-a0-270-g8e735b6 to 0.20-a0-909-g1a4ba80
   860 | D:1      | Learned a level 2 spell: Throw Flame
  1034 | D:2      | Noticed Jessica
  1102 | D:2      | Killed Jessica
  1407 | D:2      | Reached XP level 4. HP: 28/33 MP: 3/7
  1485 | D:2      | Found a shimmering altar of Xom.
  1485 | D:2      | Found a burning altar of Makhleb.
  1651 | D:2      | Noticed Robin
  1910 | D:2      | Killed Robin
  2216 | D:2      | Learned a level 3 spell: Inner Flame
  2599 | D:3      | Noticed an orc warrior
  2668 | D:3      | Reached skill level 1 in Fighting
  2668 | D:3      | Reached XP level 5. HP: 33/40 MP: 0/9
  2672 | D:3      | Demolished by an orc warrior

Vault maps used:
D:1:      evilmike_arrival_rings
D:2:      gammafunk_temple_overflow_wave, minmay_tromino_v4_c, uniq_jessica,
          uniq_robin
D:3:      grunt_temple_overflow_octagram, minmay_misc_feat_four_crosses

Skill      XL: |  1  2  3  4 |
---------------+-------------+-----
Stealth        | 2 |  2.7
Dodging        | 2 |  2.1
Fighting       | 1 |  1.0
Short Blades   | |  0.6
Maces & Flails | |  0.6
Spellcasting   | |  2.7
Conjurations   | |  1.6
Fire Magic     | |  3.9

Action                   |  1- 3 |  4- 6 || total
-------------------------+-------+-------++-------
Melee: Dagger            |    44 |       ||    44
       Tailslap          |     5 |     5 ||    10
       Unarmed           |     2 |       ||     2
       Whip              |     9 |    76 ||    85
 Cast: Flame Tongue      |    20 |     9 ||    29
       Throw Flame       |     4 |     7 ||    11
  Use: Potion            |     1 |     3 ||     4
       Scroll            |       |     5 ||     5
 Stab: Sleeping          |     6 |     2 ||     8
  Eat: Chunk             |     2 |     3 ||     5
       Fruit             |       |     1 ||     1
Armor: Skin              |    19 |    23 ||    42
Dodge: Dodged            |    55 |    67 ||   122
